 Dungeon Crawl Stone Soup version 0.30-a0-122-g2a1322497e (webtiles) character file.

Game seed: 4323514257618546295

318 IdlyInterested the Conjurer (level 6, 0/46 HPs)
             Began as a Demonspawn Wanderer on Sept 15, 2022.
             Killed from afar by an orc wizard (3 damage)
             ... with a puff of flame
             ... on level 4 of the Dungeon.
             The game lasted 00:16:17 (3853 turns).

IdlyInterested the Conjurer (Demonspawn Wanderer)   Turns: 3853, Time: 00:16:18

Health: 0/46       AC:  5    Str: 10    XL:     6   Next: 21%
Magic:  5/9        EV: 16    Int: 18    God:
Gold:   204        SH:  3    Dex: 12    Spells: 5/9 levels left

rFire   . . .      SeeInvis .    a - +3 falchion
rCold   + . .      Faith    .    b - +0 buckler
rNeg    . . .      Spirit   .    u - +1 leather armour {rC+}
rPois   .          Reflect  .    n - +2 hat
rElec   .          Harm     .    (no cloak)
rCorr   .          Rampage  .    (no gloves)
Will    .....                    m - +0 pair of boots
Stlth   ++........               (no amulet)
HPRegen 0.15/turn                h - ring of wizardry
MPRegen 0.11/turn                i - +4 ring of evasion

@: no status effects
A: repulsion field 1, ignite blood 2, horns 1, deformed body, wild magic 1
a: no special abilities


You were on level 4 of the Dungeon.
You visited 1 branch of the dungeon, and saw 4 of its levels.

You collected 204 gold pieces.

Inventory:

Hand Weapons
 a - a +3 falchion (weapon)
 e - a +1 vampiric dagger
 s - a +0 falchion
Missiles
 l - 6 atropa-tipped darts
 p - 5 poisoned darts
 w - 2 boomerangs
Armour
 b - a +0 buckler (worn)
 d - a +0 robe
 m - a +0 pair of boots (worn)
 n - a +2 hat (worn)
 r - a +0 ring mail
 u - a +1 leather armour of cold resistance (worn)
 y - a +0 helmet
Jewellery
 h - a ring of wizardry (left hand)
 i - a +4 ring of evasion (right hand)
 j - a ring of resist corrosion
Scrolls
 g - a scroll of immolation {unknown}
 k - 3 scrolls of teleportation
Potions
 c - a potion of might
 o - a potion of flight
 t - 2 potions of curing
 v - a potion of invisibility
 z - a potion of mutation


   Skills:
 + Level 2.7 Fighting
 - Level 0.6(2.3) Short Blades
 - Level 3.6 Long Blades
 - Level 1.0 Throwing
 - Level 1.0 Dodging
 - Level 2.0 Stealth
 - Level 1.0 Shields
 - Level 2.0 Spellcasting
 * Level 4.9 Conjurations
 - Level 1.0 Evocations


You had 5 spell levels left.
You knew the following spells:

 Your Spells              Type           Power      Damage    Failure   Level
a - Magic Dart            Conj           100%       1d8       2%          1
b - Mephitic Cloud        Conj/Pois/Air  10%        N/A       26%         3

Your spell library contained the following spells:

 Spells                   Type           Power      Damage    Failure   Level


Dungeon Overview and Level Annotations

Branches:
Dungeon (4/15)
 Temple: D:4-7

Altars:
Dithmenos
Uskayaw
Xom

Shops:
D:1 [

Annotations:
D:4 Sigmund


Innate Abilities, Weirdness & Mutations

You are surrounded by a mild repulsion field. (EV +2)
Your demonic aura often causes spilled blood to erupt in flames.
You have a pair of small horns on your head.
Armour fits poorly on your strangely shaped body.
Your spells are a little harder to cast, but a little more powerful.


Message History

The magic dart hits you!
The orc priest invokes the aid of Beogh against you.
Pain shoots through your body!
Aiming: Magic Dart (safe; 2% risk of failure)
Press: ? - help, Q - select action, (/) - cycle Shift-Dir - straight line, f - giant cockroach
Aim: a giant cockroach (100% to hit)
The magic dart hits the giant cockroach.
The giant cockroach is moderately wounded.
Unknown command.
Aiming: Magic Dart (safe; 2% risk of failure)
Press: ? - help, Q - select action, (/) - cycle Shift-Dir - straight line, f/p - giant cockroach
Aim: a giant cockroach (moderately wounded, 100% to hit)
The magic dart hits the giant cockroach.
You kill the giant cockroach!
Unknown command.
Aiming: Magic Dart (safe; 2% risk of failure)
Press: ? - help, Q - select action, (/) - cycle Shift-Dir - straight line, f - orc priest
Aim: an orc priest, wielding a +0 whip of venom (100% to hit)
The magic dart hits something.
Something hits you. Space warps around you.
The gnoll throws a stone.
The stone hits you.
Sigmund the Dreaded comes into view.
He is wielding a +0 scythe.
Found a worm corpse.
Found a hide-covered altar of Uskayaw.
Something hits you but does no damage. The gnoll hits you with a +0 flail.
* * * LOW HITPOINT WARNING * * *
Sigmund moves out of view.
Things that are here:
a +0 hand axe; a +0 ring mail Something hits you.
* * * LOW HITPOINT WARNING * * *
Space warps around you.
* * * LOW HITPOINT WARNING * * *
Something hits you.
* * * LOW HITPOINT WARNING * * *
Space warps around you.
* * * LOW HITPOINT WARNING * * *
The gnoll throws a stone.
The stone misses you.
A puff of flame appears from out of thin air!
The puff of flame hits you.
You die...

..†.#.# _.....
...†# †...# ...
###{# #)○g# #°###
#@#
################.#
.................#
##################


There were no monsters in sight!

Vanquished Creatures
  A scorpion (D:4)
  An orc priest (D:3)
  A gnoll bouda (D:4)
  4 gnolls (D:4)
  6 adders
  A worm (D:2)
  4 dart slugs
  9 orcs
  8 endoplasms
  7 giant cockroaches
  4 goblins
  6 hobgoblins
  4 jackals (D:3)
  2 quokkas
  8 ball pythons
  8 bats
  A frilled lizard (D:3)
  6 kobolds
  6 rats
87 creatures vanquished.

Vanquished Creatures (others)
  A plant (D:3)
1 creature vanquished.

Grand Total: 88 creatures vanquished

Notes
Turn   | Place    | Note
-------+----------+-------------------------------------------
     0 | D:1      | IdlyInterested the Demonspawn Wanderer began the quest for
                  | the Orb.
     0 | D:1      | IdlyInterested set off with the following items: a +2
                  | falchion, a +0 buckler, a potion of might, a +0 robe; and
                  | the following spell memorised: Magic Dart; and the
                  | following spells available to memorise: Mephitic Cloud.
     0 | D:1      | Reached XP level 1. HP: 13/13 MP: 3/3
    29 | D:1      | Found Qowet's Armour Boutique.
   254 | D:1      | Gained mutation: You are surrounded by a mild repulsion
                  | field. (EV +2) [demonic ancestry]
   254 | D:1      | Reached XP level 2. HP: 20/20 MP: 5/5
   344 | D:1      | Reached skill level 1 in Stealth
  1173 | D:2      | Gained mutation: Your demonic aura sometimes causes spilled
                  | blood to erupt in flames. [demonic ancestry]
  1173 | D:2      | Reached XP level 3. HP: 25/25 MP: 6/6
  1196 | D:2      | Reached skill level 1 in Fighting
  1415 | D:2      | Gained mutation: Armour fits poorly on your strangely
                  | shaped body. [potion of mutation]
  1415 | D:2      | Gained mutation: Your spells are a little harder to cast,
                  | but a little more powerful. [potion of mutation]
  1415 | D:2      | Gained mutation: You have a pair of small horns on your
                  | head. [potion of mutation]
  1482 | D:2      | Reached skill level 3 in Conjurations
  1965 | D:3      | Reached XP level 4. HP: 27/32 MP: 4/7
  2396 | D:3      | Reached skill level 1 in Dodging
  2685 | D:3      | Found a shadowy altar of Dithmenos.
  3042 | D:4      | Gained mutation: Your demonic aura often causes spilled
                  | blood to erupt in flames. [demonic ancestry]
  3042 | D:4      | Reached XP level 5. HP: 36/38 MP: 8/8
  3121 | D:4      | Reached skill level 1 in Evocations
  3131 | D:4      | Reached skill level 4 in Conjurations
  3205 | D:3      | Learned a level 3 spell: Mephitic Cloud
  3513 | D:4      | Found a shimmering altar of Xom.
  3690 | D:4      | Reached XP level 6. HP: 31/46 MP: 9/9
  3851 | D:4      | Found a hide-covered altar of Uskayaw.
  3851 | D:4      | Noticed Sigmund
  3852 | D:4      | HP: 2/46 [something (3)]
  3853 | D:4      | Killed from afar by an orc wizard

Illustrated notes

Levels and vault maps discovered:
D:1:      ebering_trefoil_twist, layout_basic, serial_shops, shop_fountains,
          minmay_crystal_water, minmay_misc_feat_ornament
D:2:      layout_loops_ring, minmay_misc_feat_five, minivault_26
D:3:      layout_loops_cross, tso_oasis_becter, nicolae_dithmenos_shadow_blocks
D:4:      layout_loops_cross, mainiacjoe_overflow_alcove_1,
          nicolae_uskayaw_murder_on_the_dancefloor, nicolae_elemental_shop,
          uniq_sigmund

Skill      XL: |  1  2  3  4  5 |
---------------+----------------+-----
Stealth        | 1 2 |  2.0
Fighting       | 1 2 |  2.7
Conjurations   | 3 4 |  4.9
Dodging        | 1 |  1.0
Evocations     | 1 |  1.0
Short Blades   | |  0.6
Long Blades    | |  3.6
Throwing       | |  1.0
Shields        | |  1.0
Spellcasting   | |  2.0

Action                   |  1- 3 |  4- 6 || total
-------------------------+-------+-------++-------
Melee: Falchion          |    86 |   119 ||   205
       Headbutt          |     1 |     9 ||    10
Throw: Stone             |     1 |       ||     1
 Cast: Magic Dart        |    13 |    29 ||    42
  Use: Scroll            |     9 |     4 ||    13
       Potion            |     1 |     2 ||     3
 Stab: Sleeping          |     3 |     4 ||     7
Armor: Robe              |    13 |     9 ||    22
       Leather armour    |       |     5 ||     5
Dodge: Dodged            |    51 |   116 ||   167
Block: Buckler           |    10 |    20 ||    30

Table legend: (Time is in decaauts)
 A = Elapsed time spent in this place.
 B = Non-inter-level travel time spent in this place.
 C = Inter-level travel time spent in this place.
 D = Time resting spent in this place.
 E = Time spent auto-exploring this place.
 F = Levels seen in this place.
 G = Mean time per level.
                   A        B        C        D        E       F      G
               +--------+--------+--------+--------+--------+-----+--------+
         Total |   3891 |   3431 |    460 |    493 |   1927 |   4 |  972.8 |
       Dungeon |   3891 |   3431 |    460 |    493 |   1927 |   4 |  972.8 |
               +--------+--------+--------+--------+--------+-----+--------+

Top non-repeatable levels by time:
     D:3: 1221 daAuts
     D:1: 1182 daAuts
     D:2: 927 daAuts
     D:4: 559 daAuts
